 Dungeon Crawl Stone Soup version 0.29.0-13-gc9e81de378 (webtiles) character file.

Game seed: 14766167235232930664

201545 SnakkuSnakku7 the Severer (level 18, -6/159 HPs)
             Began as a Barachi Warper on Sept 9, 2022.
             Mangled by a naga warrior
             ... wielding a +0 long sword
              (13 damage)
             ... on level 4 of the Snake Pit.
             The game lasted 00:47:42 (27815 turns).

SnakkuSnakku7 the Severer (Barachi Warper)         Turns: 27815, Time: 00:47:43

Health: -6/159     AC: 40    Str: 19    XL:     18   Next: 55%
Magic:  19/21      EV: 15    Int: 14    God:
Gold:   3039       SH:  0    Dex: 20    Spells: 21/21 levels left

rFire   . . .      SeeInvis .   a - +2 executioner's axe (vamp)
rCold   . . .      Faith    .   (shield currently unavailable)
rNeg    . . .      Spirit   .   u - +10 storm dragon scales
rPois   +          Reflect  .   E - +0 helmet
rElec   +          Harm     .   o - +0 cloak
rCorr   .          Rampage  .   G - +3 pair of gauntlets of War {Slay+5}
Will    +....                   v - +0 pair of boots
Stlth   ..........              i - amulet of regeneration
HPRegen 1.16/turn               r - ring of Orajeju {rPois EV+4 Dex+3}
MPRegen 0.17/turn               X - ring of the Establishment {AC+4 Dex+4}

@: lethally poisoned (-6 -> -9), slowed, constricted, very slow
A: amphibious, slowness 1, strong legs 2, +LOS
}: 1/15 runes: decaying
a: Hop


You were on level 4 of the Snake Pit.
You visited 5 branches of the dungeon, and saw 30 of its levels.
You also visited: Trove and Sewer.

You collected 3336 gold pieces.
You spent 297 gold pieces at shops.

Inventory:

Hand Weapons
 a - a +2 vampiric executioner's axe (weapon)
 b - the +11 trident of Wenk {spect, rN+ Int+7}
   (You found it on level 3 of the Swamp)

   When its wielder attacks, the weapon's spirit leaps out and strikes again.
   The spirit shares a part of any damage it takes with its wielder.
   Int:       It affects your intelligence (+7).
   rN:        It protects you from negative energy.
Missiles
 n - 5 throwing nets (quivered)
 J - 7 curare-tipped darts
Armour
 j - a scarf of repulsion
 o - a +0 cloak (worn)
 u - +10 storm dragon scales (worn)
 v - a +0 pair of boots (worn)
 E - a +0 helmet (worn)
 G - the +3 pair of gauntlets of War (worn) {Slay+5}
   (You found it on level 3 of the Lair of Beasts)

   Slay:      It affects your accuracy & damage with ranged weapons and melee
   (+5).
Jewellery
 h - the ring "Atou" {rN+ MP+9 Str+3 Int+4 Slay+2}
   (You found it in a treasure trove)

   [ring of positive energy]

   Str:       It affects your strength (+3).
   Int:       It affects your intelligence (+4).
   Slay:      It affects your accuracy & damage with ranged weapons and melee
   (+2).
   rN:        It protects you from negative energy.
   MP:        It affects your magic capacity (+9).
 i - an amulet of regeneration (around neck)
 m - a ring of protection from cold
 r - the ring of Orajeju (left hand) {rPois EV+4 Dex+3}
   (You found it on level 3 of the Snake Pit)

   [ring of evasion]

   EV:        It affects your evasion (+4).
   Dex:       It affects your dexterity (+3).
   rPois:     It protects you from poison.
 K - a ring of resist corrosion
 T - the ring "Ypsenlye" {Fly rF+ Will+ Str+3 Dex-4}
   (You found it in a treasure trove)

   [ring of willpower]

   Str:       It affects your strength (+3).
   Dex:       It affects your dexterity (-4).
   rF:        It protects you from fire.
   Fly:       It grants you flight.
   Will:      It increases your willpower.
 U - the ring of Xuletamirgh {rF+ rC- Str+4 Int+7}
   (You found it in a treasure trove)

   [ring of protection from fire]

   Str:       It affects your strength (+4).
   Int:       It affects your intelligence (+7).
   rF:        It protects you from fire.
   rC:        It makes you vulnerable to cold.
 V - a ring of see invisible
 W - the ring "Nadeoxem" {rElec Will+}
   (You found it in a treasure trove)

   [ring of willpower]

   rElec:     It insulates you from electricity.
   Will:      It increases your willpower.
 X - the ring of the Establishment (right hand) {AC+4 Dex+4}
   (You found it in a treasure trove)

   [ring of protection]

   AC:        It affects your AC (+4).
   Dex:       It affects your dexterity (+4).
Wands
 d - a wand of roots (15)
 g - a wand of flame (23)
 s - a wand of acid (14)
 A - a wand of polymorph (8)
 H - a wand of mindburst (6)
 I - a wand of digging (4)
 N - a wand of paralysis (9)
Scrolls
 c - 6 scrolls of blinking
 e - 10 scrolls of magic mapping
 l - 9 scrolls of teleportation
 w - 3 scrolls of poison
 y - 5 scrolls of fog
 z - a scroll of fear
 R - 21 scrolls of identify
 S - a scroll of silence
Potions
 f - 4 potions of invisibility
 k - 5 potions of heal wounds
 p - 3 potions of ambrosia
 q - 3 potions of brilliance
 t - 3 potions of magic
 x - 13 potions of curing
 B - 6 potions of flight
 C - 4 potions of haste
 D - 2 potions of resistance
 M - 5 potions of mutation
 O - 4 potions of cancellation
 P - 2 potions of might
Miscellaneous
 L - a phial of floods


   Skills:
 - Level 18.9 Fighting
 + Level 20.3(21.8) Axes
 - Level 14.0(18.8) Maces & Flails
 - Level 1.0 Throwing
 - Level 15.0 Armour
 - Level 10.0 Dodging
 - Level 8.0 Shields
 - Level 2.1 Spellcasting
 - Level 3.2 Translocations
 - Level 10.0 Evocations


You had 21 spell levels left.
You didn't know any spells.
Your spell library contained the following spells:

 Spells                   Type           Power      Damage    Failure   Level
 Apportation              Tloc           20%        N/A       34%         1
 Blink                    Tloc           20%        N/A       45%         2
 Gell's Gravitas          Tloc           10%        N/A       71%         3
 Lesser Beckoning         Tloc           10%        N/A       71%         3
 Teleport Other           Tloc           10%        N/A       71%         3
 Beastly Appendage        Tmut           2%         N/A       80%         1
 Magic Dart               Conj           4%         1d3       80%         1
 Sting                    Tmut/Pois      4%         1d3       80%         1
 Call Imp                 Summ           1%         N/A       90%         2
 Poisonous Vapours        Pois/Air       2%         N/A       90%         2
 Wereblood                Tmut           1%         N/A       90%         2
 Passage of Golubria      Tloc           10%        N/A       98%         4
 Dazzling Flash           Conj/Hex       2%         N/A       99%         3
 Mephitic Cloud           Conj/Pois/Air  1%         N/A       99%         3
 Spider Form              Tmut/Pois      1%         N/A       99%         3
 Tukima's Dance           Hex            1%         N/A       99%         3
 Airstrike                Air            0%         2d(1-17)  100%        4
 Anguish                  Hex/Necr       0%         N/A       100%        4
 Animate Dead             Necr           1%         N/A       100%        4
 Olgreb's Toxic Radiance  Pois           1%         N/A       100%        4
 Summon Lightning Spire   Summ/Air       1%         N/A       100%        4
 Agony                    Necr           1%         N/A       100%        5
 Alistair's Intoxication  Tmut/Pois      0%         N/A       100%        5
 Borgnjor's Vile Clutch   Necr/Erth      0%         N/A       100%        5
 Lightning Bolt           Conj/Air       0%         1d11      100%        5
 Manifold Assault         Tloc           10%        N/A       100%        5
 Silence                  Hex/Air        0%         N/A       100%        5
 Yara's Violent Unravell  Hex/Tmut       0%         3d3       100%        5
 Death Channel            Necr           0%         N/A       100%        6
 Dispersal                Tloc           5%         N/A       100%        6
 Eringya's Noxious Bog    Tmut/Pois      0%         N/A       100%        6
 Enfeeble                 Hex            0%         N/A       100%        7
 Storm Form               Tmut/Air       0%         N/A       100%        7
 Disjunction              Tloc           5%         N/A       100%        8


Dungeon Overview and Level Annotations

Branches:
Dungeon (15/15)            Temple (0/1) D:6            Lair (5/5) D:10
  Swamp (4/4) Lair:2        Snake (4/4) Lair:3        Slime (0/5) Lair:5
    Orc (2/2) D:12            Elf (0/3) Orc:2        Vaults (0/5) D:13
 Depths (0/4) D:15          Sewer (visited)

Altars:
Cheibriados
Qazlal
Ru
Sif Muna
Wu Jian
Xom
Jiyva

Shops:
D:9 :   Orc:2 :*([   Snake:1 *   Snake:4 (

Portals:
Abyss: D:10


Innate Abilities, Weirdness & Mutations

You are amphibious.
You cover ground slowly.
You can hop long distances.
You have an extended range of vision and can be seen from far away.


Message History

The splash of poison hits you but does no damage.
The naga warrior spits poison at you.
The splash of poison hits you but does no damage.
You have difficulty breathing.
You feel as though you will be slow longer.
The naga warrior constricts you.
The nagaraja gestures at you while chanting.
The poison arrow hits you!
You are more poisoned.
You partially resist. The naga misses you. The naga closely misses you.
The naga mage hits you but does no damage.
The naga warrior closely misses you. The naga warrior constricts you.
The naga sharpshooter shoots an arrow.
The arrow barely misses you.
You slice the naga warrior!!
You feel better.
The naga warrior is heavily wounded.
You slash the nagaraja!
You feel better.
You feel very sick.
The nagaraja gestures at you while chanting.
You barely resist.
The naga hits you from afar with a +0 glaive!!
The naga hits you but does no damage.
The naga mage hits you from afar with a +1 vorpal spear.
The nagaraja hits you with a +0 spear!
The naga sharpshooter shoots an arrow.
The arrow hits you!
* * * LOW HITPOINT WARNING * * *
The naga warrior hits you with a +0 long sword!!
* * * LOW HITPOINT WARNING * * *
The naga warrior constricts you. The naga closely misses you.
The naga mage misses you. The naga hits you but does no damage.
You slice the nagaraja!!
You feel better.
The nagaraja is severely wounded.
The naga warrior blocks your attack.
You feel very sick. The nagaraja barely misses you.
The naga mage hits you from afar with a +1 vorpal spear.
* * * LOW HITPOINT WARNING * * *
x2 The naga sharpshooter shoots an arrow.
The arrow hits you!
* * * LOW HITPOINT WARNING * * *
The naga warrior hits you with a +0 long sword!
You die...

.?.....#####.## #######
........##....##......##.
........................
......##........#.......
.......#.............. ..
...(...##....#..##..##..#
.............)#.#N.......
.........###))#)N).......
.........# ###..@.N......
.##....### #.##NN......
.##.....# #.# N.......
###...)## #.. ........
##.....# ##. ........
...##†.# ##........
...#†).##### #..##..#
....)......# ### ###
.....#...#.#


You could see a nagaraja (fast, strong), a naga warrior (curare), a naga
sharpshooter (strong, curare), a naga mage (fast, strong) and 2 nagas.

Vanquished Creatures
  Bai Suzhen (Swamp:2)
  Rupert (D:13)
  A tentacled monstrosity (Swamp:4)
  The ghost of Gygal Fez the Peltast, an adept MiFi of Okawaru (Snake:3)
  Gastronok (Lair:2)
  2 thorn hunters (Swamp:4)
  Frances (D:14)
  Kirke (Lair:4)
  2 nagarajas (Snake:4)
  2 orc warlords
  2 eleionomae
  Azrael (D:14)
  5 bunyips
  2 fire dragons
  Fannar (Orc:1)
  21 hydras
  8 vault guards (D:13)
  A ghost crab (Swamp:1)
  3 boulder beetles
  A catoblepas (Lair:2)
  5 anacondas
  5 centaur warriors
  An ogre mage (D:10)
  8 naga warriors
  The ghost of themarg the Cleaver, a novice MiBe of Trog (D:10)
  3 tengu warriors
  Erica (D:9)
  2 death knights
  5 two-headed ogres
  7 alligators
  2 orc high priests
  9 shock serpents
  A thrashing horror (D:10)
  5 naga sharpshooters
  Sonja (Lair:3)
  A deep elf knight (D:12)
  Nergalle (D:10)
  5 skeletal warriors
  3 goliath frogs
  9 swamp dragons
  3 salamander mystics
  2 sea snakes (Snake:2)
  6 spriggan druids
  3 deep elf zephyrmancers
  A wizard (D:15)
  4 bog bodies
  2 naga ritualists (Snake:4)
  6 lindwurms
  4 orc knights
  A necromancer (D:15)
  2 deep elf pyromancers
  A wolf spider zombie (D:15)
  9 mana vipers
  7 orc sorcerers
  7 cyclopes
  4 ugly things
  A cyclops (shapeshifter) (D:15)
  A will-o-the-wisp (Swamp:2)
  11 salamanders
  36 black mambas
  A centaur zombie (D:15)
  5 torpor snails (Lair:5)
  16 elephants
  9 naga magi
  A gargoyle (D:13)
  3 rime drakes
  A centaur skeleton (D:15)
  9 cane toads
  An unseen horror (D:13)
  An efreet (D:15)
  4 freezing wraiths
  6 komodo dragons
  A hellwing (D:10)
  3 tengu conjurers
  2 kobold demonologists
  16 tyrant leeches
  11 polar bears
  Grinder (D:5)
  3 trolls
  9 hornets
  4 raiju (Lair:5)
  10 blink frogs
  15 slime creatures
  A wind drake (shapeshifter) (D:15)
  A dream sheep (Lair:5)
  4 spriggans
  A centaur simulacrum (D:15)
  Sigmund (D:6)
  7 wyverns
  5 hogs (Lair:4)
  A shadow (D:12)
  Eustachio (D:6)
  5 wraiths
  7 basilisks
  42 yaks
  5 fire elementals (D:14)
  3 steam dragons
  17 vampire mosquitoes
  Grum (D:9)
  20 swamp worms
  6 wargs
  25 nagas
  4 acid dragons
  A floating eye (D:9)
  17 water moccasins
  15 hell hounds
  11 swamp drakes
  An ice beast (D:5)
  12 black bears
  34 orc warriors
  3 small abominations (D:10)
  4 ogres
  13 centaurs
  42 wolves
  6 kobold brigands
  7 bullfrogs
  4 gnoll sergeants
  2 necrophages
  3 scorpions
  4 wights (D:6)
  7 killer bees
  An electric eel (Lair:2)
  2 howler monkeys
  A jelly (D:6)
  13 orc priests
  5 hounds
  Jessica (D:2)
  3 iguanas
  17 orc wizards
  9 adders
  11 gnolls
  7 river rats
  2 shadow imps
  4 white imps
  An ufetubus (D:5)
  An adder skeleton (D:2)
  An adder zombie (D:2)
  2 worms
  6 dart slugs
  45 orcs
  9 ball pythons
  7 endoplasms
  4 giant cockroaches
  10 goblins
  7 hobgoblins
  4 jackals (D:3)
  26 kobolds
  7 quokkas
  A ball python zombie (D:2)
  10 bats
  7 frilled lizards
  A quokka skeleton (D:2)
  29 rats
973 creatures vanquished.

Vanquished Creatures (others)
  A bloated husk (Swamp:1)
  An orc warrior (Orc:1)
  An orc priest (Orc:1)
  An orc wizard (Orc:1)
  A bush (Lair:5)
  4 foxfires (Swamp:2)
  32 fungi
  83 plants
  3 withered plants (D:2)
127 creatures vanquished.

Grand Total: 1100 creatures vanquished

Notes
Turn   | Place    | Note
-------+----------+-------------------------------------------
     0 | D:1      | SnakkuSnakku7 the Barachi Warper began the quest for the
                  | Orb.
     0 | D:1      | Reached XP level 1. HP: 17/17 MP: 3/3
   246 | D:1      | Reached XP level 2. HP: 23/23 MP: 5/5
   421 | D:1      | Reached XP level 3. HP: 29/29 MP: 6/6
   651 | D:1      | Found a faded altar of an unknown god.
  1096 | D:2      | Identified the +7 mace of Cataclysm {elec, Fragile Dex+5}
  1160 | D:2      | Reached XP level 4. HP: 34/37 MP: 7/7
  1342 | D:2      | Noticed Jessica
  1347 | D:2      | Killed Jessica
  1607 | D:3      | Reached XP level 5. HP: 43/43 MP: 8/8
  1770 | D:3      | Reached skill level 5 in Fighting
  2109 | D:4      | Noticed an ogre
  2182 | D:4      | Killed an ogre
  2183 | D:4      | Reached skill level 5 in Maces & Flails
  2183 | D:4      | Reached XP level 6. HP: 52/52 MP: 9/9
  2312 | D:4      | Found a glowing drain.
  2320 | Sewer    | Entered a sewer
  2580 | Sewer    | Reached XP level 7. HP: 49/59 MP: 10/10
  3420 | D:5      | Entered Level 5 of the Dungeon
  3420 | D:5      | Noticed Grinder
  3426 | D:5      | Killed Grinder
  3471 | D:5      | Identified the +3 dagger of Qula {flame, rN+ rCorr Int-5}
  3541 | D:5      | Reached XP level 8. HP: 40/68 MP: 11/11
  3852 | D:5      | Found the +7 Throatcutter {drain, coup de grace}
  3852 | D:5      | Noticed a kobold demonologist
  3853 | D:5      | Noticed a hellwing
  3854 | D:5      | Noticed an ice devil
  3857 | D:5      | Noticed an ice devil
  3865 | D:5      | Noticed a ynoxinul
  3872 | D:5      | Killed a kobold demonologist
  4299 | D:6      | Reached skill level 10 in Maces & Flails
  4302 | D:6      | Reached XP level 9. HP: 71/74 MP: 12/12
  4375 | D:6      | Reached skill level 15 in Fighting
  4375 | D:6      | Reached XP level 10. HP: 84/98 MP: 13/13
  4459 | D:6      | Noticed Sigmund
  4467 | D:6      | Killed Sigmund
  4575 | D:6      | Noticed Eustachio
  4599 | D:6      | Killed Eustachio
  4823 | D:6      | Found a staircase to the Ecumenical Temple.
  5257 | D:7      | Found a shimmering altar of Xom.
  5510 | D:7      | Found a shimmering blue altar of Sif Muna.
  5520 | D:7      | Found a stormy altar of Qazlal.
  6014 | D:8      | You fall into a shaft and drop 2 floors!
  6014 | D:10     | Entered Level 10 of the Dungeon
  6078 | D:10     | Reached XP level 11. HP: 92/104 MP: 14/14
  6119 | D:9      | Noticed a cyclops
  6142 | D:9      | Killed a cyclops
  6491 | D:9      | Noticed Grum
  6503 | D:9      | Killed Grum
  7133 | D:9      | Reached skill level 5 in Armour
  7402 | D:9      | Found an ornate altar of the Wu Jian Council.
  7402 | D:9      | Found a snail-covered altar of Cheibriados.
  7430 | D:9      | Noticed Erica
  7510 | D:9      | Killed Erica
  7581 | D:9      | Found Peojus's Book Shop.
  7781 | D:10     | Noticed a cyan ugly thing
  7818 | D:10     | Killed a purple ugly thing
  7914 | D:10     | Noticed an ogre mage
  7921 | D:10     | Killed an ogre mage
  7926 | D:10     | Identified the amulet of Niaryep {Acrobat rElec rF+++ Int-5
                  | Dex-4}
  8021 | D:10     | Noticed Nergalle
  8032 | D:10     | Killed Nergalle
  8033 | D:10     | Reached XP level 12. HP: 108/111 MP: 15/15
  8140 | D:10     | Noticed a two-headed ogre
  8148 | D:10     | Killed a two-headed ogre
  8187 | D:10     | Reached skill level 10 in Armour
  8202 | D:10     | Reached skill level 1 in Evocations
  8271 | D:10     | Found a staircase to the Lair.
  8408 | D:10     | Noticed a death knight
  8548 | D:10     | Killed a death knight
  8549 | D:10     | Reached skill level 5 in Evocations
  8566 | D:10     | Found a transporter.
  8568 | D:10     | Noticed a thrashing horror
  8729 | D:10     | Found a transporter.
  8733 | D:10     | Found a one-way gate to the infinite horrors of the Abyss.
  8738 | D:10     | Noticed themarg's ghost (novice MiBe)
  8908 | Lair:1   | Entered Level 1 of the Lair of Beasts
  9035 | Lair:1   | Identified the +9 war axe of Putrescence {freeze, rN+ SInv}
  9354 | Lair:1   | Noticed a seven-headed hydra
  9363 | Lair:1   | HP: 4/111 [seven-headed hydra (8)]
  9367 | Lair:1   | Killed a seven-headed hydra
  9982 | Lair:2   | Reached skill level 10 in Evocations
  9982 | Lair:2   | Reached skill level 1 in Shields
  9982 | Lair:2   | Gained mutation: You can hop long distances. [Barachi
                  | growth]
  9982 | Lair:2   | Reached XP level 13. HP: 61/117 MP: 16/16
 10292 | Lair:2   | You fall into a shaft and drop 1 floor!
 10359 | Lair:3   | Found a staircase to the Snake Pit.
 10464 | Lair:3   | Noticed Gastronok
 10699 | Lair:2   | Reached skill level 5 in Shields
 10764 | Lair:2   | Found a staircase to the Swamp.
 11355 | Lair:3   | Noticed Sonja
 11601 | Lair:3   | Killed Sonja
 11719 | Lair:3   | Found the +3 pair of gauntlets of War {Slay+5}
 11809 | Lair:3   | Noticed Nessos
 11896 | Lair:2   | Killed Gastronok
 11911 | Lair:3   | Noticed Nessos
 11911 | Lair:3   | Nessos changed into Nessos the cane toad
 11917 | Lair:3   | Killed Nessos the cane toad
 12237 | Lair:4   | Reached skill level 5 in Dodging
 12584 | Lair:4   | Noticed Kirke
 12678 | Lair:4   | Killed Kirke
 12679 | Lair:4   | Reached XP level 14. HP: 124/124 MP: 17/17
 13202 | Lair:5   | Entered Level 5 of the Lair of Beasts
 13355 | Lair:5   | Reached skill level 10 in Dodging
 13804 | Lair:5   | Found a runed translucent door.
 13865 | Lair:5   | Paralysed by a hornet for 1 turns
 14446 | Lair:5   | Found a viscous altar of Jiyva.
 14446 | Lair:5   | Found a staircase to the Slime Pits.
 15005 | D:11     | Reached skill level 15 in Armour
 15022 | D:11     | Reached XP level 15. HP: 129/130 MP: 18/18
 15126 | D:11     | Found a portal to a secret trove of treasure.
 15176 | D:11     | You paid a toll of 6 potions of haste to enter a treasure
                  | trove
 15177 | Trove    | Entered a treasure trove
 15184 | Trove    | Identified the ring of Xuletamirgh {rF+ rC- Str+4 Int+7}
 15190 | Trove    | Identified the ring "Ypsenlye" {Fly rF+ Will+ Str+3 Dex-4}
 15192 | Trove    | Identified the ring "Beitoew" {rPois rF+ rN+ Will+ Dex+4
                  | Slay-6}
 15195 | Trove    | Identified the amulet "Ecruwas" {Spirit Harm Dex-3 Slay+3}
 15198 | Trove    | Identified the ring of Xom's Attic {Fire rElec Dex+2}
 15201 | Trove    | Identified the ring "Atou" {rN+ MP+9 Str+3 Int+4 Slay+2}
 15208 | Trove    | Identified the ring "Nadeoxem" {rElec Will+}
 15212 | Trove    | Identified the ring of the Establishment {AC+4 Dex+4}
 16561 | D:12     | Found a staircase to the Orcish Mines.
 17063 | Orc:1    | Entered Level 1 of the Orcish Mines
 17064 | Orc:1    | Noticed Fannar
 17168 | Orc:1    | Killed Fannar
 17268 | Orc:1    | Noticed an orc warlord
 17500 | D:12     | Killed an orc warlord
 17606 | Orc:1    | Identified the +1 chain mail "Megoocw" {Will+ Dex+2}
 17807 | Orc:2    | Entered Level 2 of the Orcish Mines
 17913 | Orc:2    | Noticed an orc warlord
 17974 | Orc:2    | Killed an orc warlord
 18327 | Orc:2    | Paralysed by an orc sorcerer for 2 turns
 18348 | Orc:2    | Paralysed by an orc sorcerer for 2 turns
 18472 | Orc:2    | Found Lamesm's Antique Weapon Shop.
 18588 | Orc:2    | Found a staircase to the Elven Halls.
 18727 | Orc:2    | Found Afetzeg's Antique Armour Shop.
 18742 | Orc:2    | Found Ippant's General Store.
 18749 | Orc:2    | Bought a potion of haste for 110 gold pieces
 18846 | Orc:2    | Found Itezatip's Book Shop.
 19125 | D:13     | Noticed Rupert
 19141 | D:13     | Killed Rupert
 19221 | D:13     | Reached skill level 1 in Axes
 19277 | D:13     | Reached skill level 2 in Axes
 19405 | D:13     | Reached skill level 3 in Axes
 19431 | D:13     | Reached skill level 4 in Axes
 19458 | D:13     | Reached skill level 5 in Axes
 19569 | D:13     | Found a gate to the Vaults.
 19576 | D:13     | Reached skill level 6 in Axes
 19698 | D:13     | Reached XP level 16. HP: 132/145 MP: 19/19
 19738 | D:13     | Reached skill level 7 in Axes
 20527 | D:14     | Reached skill level 8 in Axes
 20535 | D:14     | Noticed Frances
 20546 | D:14     | Killed Frances
 20762 | D:14     | Found an ornate altar of the Wu Jian Council.
 20868 | D:14     | Noticed Azrael
 20883 | D:14     | Killed Azrael
 20884 | D:14     | Reached skill level 9 in Axes
 21337 | D:15     | Entered Level 15 of the Dungeon
 21509 | D:15     | Found a sacrificial altar of Ru.
 21528 | D:15     | Reached skill level 10 in Axes
 21812 | D:15     | Found a staircase to the Depths.
 21823 | D:15     | Reached skill level 11 in Axes
 22137 | D:10     | Killed themarg's ghost
 22375 | Swamp:1  | Entered Level 1 of the Swamp
 22498 | Swamp:1  | Reached skill level 12 in Axes
 23066 | Swamp:2  | Reached skill level 13 in Axes
 23176 | Swamp:2  | Identified the +0 tower shield of the Barber Surgeon
                  | {Str+2}
 23221 | Swamp:2  | Identified the +8 broad axe "Mutiwk" {vorpal, Str+3}
 23580 | Swamp:3  | Noticed Bai Suzhen
 23710 | Swamp:2  | Killed Bai Suzhen
 23711 | Swamp:2  | Reached XP level 17. HP: 47/151 MP: 20/20
 23814 | Swamp:3  | Reached skill level 14 in Axes
 23941 | Swamp:3  | Identified the +11 trident of Wenk {spect, rN+ Int+7}
 24382 | Swamp:4  | Entered Level 4 of the Swamp
 24414 | Swamp:4  | Reached skill level 15 in Axes
 24587 | Swamp:4  | Reached skill level 16 in Axes
 24620 | Swamp:4  | Got a decaying rune of Zot
 24632 | Swamp:4  | Noticed a tentacled monstrosity
 24647 | Swamp:4  | Killed a tentacled monstrosity
 25203 | Snake:1  | Entered Level 1 of the Snake Pit
 25257 | Snake:1  | Reached skill level 17 in Axes
 25594 | Snake:1  | Found Cypezup's General Store.
 25609 | Snake:1  | Bought a potion of heal wounds for 75 gold pieces
 25609 | Snake:1  | Bought a scroll of magic mapping for 112 gold pieces
 25958 | Snake:2  | Reached skill level 18 in Axes
 26281 | Snake:3  | Reached XP level 18. HP: 159/159 MP: 21/21
 26490 | Snake:3  | Found a transporter.
 26613 | Snake:3  | Noticed Gygal Fez's ghost (adept MiFi)
 26617 | Snake:3  | Found a transporter.
 26741 | Snake:3  | Reached skill level 19 in Axes
 27374 | Snake:3  | Killed Gygal Fez's ghost
 27381 | Snake:3  | Identified the +0 helmet of Tagymaffid {rElec}
 27388 | Snake:3  | Identified the ring of Orajeju {rPois EV+4 Dex+3}
 27435 | Snake:4  | Entered Level 4 of the Snake Pit
 27699 | Snake:4  | Found Geruo's Antique Weapon Shoppe.
 27714 | Snake:4  | Reached skill level 20 in Axes
 27815 | Snake:4  | HP: 7/159 [naga sharpshooter/arrow (16)]
 27815 | Snake:4  | Mangled by a naga warrior

Illustrated notes

Levels and vault maps discovered:
D:1:      dpeg_arrival_round_a, layout_basic,
          shapermc_ecumenical_altar_notcrosses, minmay_hedge_maze
D:2:      layout_loops_cross, serial_undead, serial_undead_d, serial_undead_b,
          serial_undead_e, serial_undead_b, kennysheep_jessica_study
D:3:      layout_rooms, minivault_5, minmay_circle_x, uniq_jessica
D:4:      layout_basic, gup_sewer_entry_bubbles
D:5:      layout_basic, dilly_guarded_unrand_throatcut, uniq_grinder
D:6:      layout_basic, temple_green, nicolae_concentric_dashed_squares_wild,
          uniq_sigmund, uniq_eustachio
D:7:      minmay_evil_eye, layout_gridville, lemuel_crystal_altar,
          mainiacjoe_overflow_swirl
D:8:      layout_gridville, dreamdust_wishing_well
D:9:      layout_irregular_city, gammafunk_temple_overflow_elements,
          serial_shops, shop, kennysheep_flooded_box, onia_ninara_cookie,
          uniq_erica, uniq_grum
D:10:     minmay_chambers_of_sixes, layout_long_grid, erik_lair_dragon,
          gammafunk_ghost_abyssal_escape, uniq_nergalle
D:11:     layout_layer_cave, enter_trove_2, minmay_misc_feat_tiny
D:12:     layout_roguey, orc_david_3, serial_aquarium, aquarium_bridge_straight
          [aquarium_subvault_bridge, aquarium_subvault_window,
          aquarium_subvault_bridge, aquarium_subvault_wall], aquarium_window_2,
          aquarium_window_1, aquarium_window_1, aquarium_view_2d,
          minmay_misc_feat_chi, minmay_fractal_squares_5
D:13:     layout_cave_pods, erik_vaults_2, uniq_rupert
D:14:     layout_stronghold, pdpol_wu_jian_five_deadly_venoms, uniq_frances,
          uniq_azrael
D:15:     grunt_enter_depths_magical_seal, layout_gridville,
          hangedman_ru_absence
Lair:1:   layout_roguey
Lair:2:   layout_cave_pods, nicolae_swamp_entry_splash_gauntlet,
          chequers_serial_rivers_room_b, minmay_lindwurm_lava,
          grunt_megastairs_1, serial_bayou_shore_a
Lair:3:   layout_chaotic_city, guppyfry_snake_entry_island, uniq_gastronok,
          uniq_sonja, uniq_nessos
Lair:4:   layout_cave_pods, uniq_kirke
Lair:5:   hangedman_lair_caniforms_friends, layout_loops_ring, wormcave,
          slime_entry_1, serial_bayou_pond_d, lemuel_fruit_tree
Swamp:1:  layout_basic_swamp, evilmike_swamp_ruin_house_1, swamp_pool1,
          nicolae_swamp_baby_hydras
Swamp:2:  layout_basic_swamp, nicolae_swamp_little_swirl, swamp_pool4,
          infiniplex_staircase_pool
Swamp:3:  layout_basic_swamp, hangedman_swamp_pad, uniq_bai_suzhen
Swamp:4:  swamp, layout_basic_swamp
Snake:1:  layout_rooms, serial_shops, shop
Snake:2:  layout_cave_shapes, grunt_ministairs_7, drop_trap, serial_bayou_pond_b
Snake:3:  layout_honeycomb, gammafunk_ghost_arena
Snake:4:  hellmonk_snake_rune_quicksilver_temple, layout_cave_shapes,
          serial_shops, shop_fountains, nicolae_shop_advertising_works
          [nicolae_subvault_shop_adworks], st_stairs_5
Orc:1:    layout_caves, elf_legates, uniq_fannar
Orc:2:    grunt_orc_cross, layout_caves, lightli_orcish_oven

Skill      XL: |  1  2  3  4  5  6  7  8  9 10 11 12 13 14 15 16 17 18 |
---------------+-------------------------------------------------------+-----
Fighting       | 3 4 5 6 7 8 15 18 | 18.9
Maces & Flails | 3 4 5 7 10 12 14 | 14.0
Armour         | 9 10 15 | 15.0
Evocations     | 10 | 10.0
Shields        | 1 8 |  8.0
Dodging        | 8 10 | 10.0
Axes           | 6 13 18 20 | 20.3
Throwing       | |  1.0
Spellcasting   | |  2.1
Translocations | |  3.2

Action                   |  1- 3 |  4- 6 |  7- 9 | 10-12 | 13-15 | 16-18 || total
-------------------------+-------+-------+-------+-------+-------+-------++-------
Melee: Mace              |    99 |   171 |   111 |   658 |  1467 |   620 ||  3126
       Punch             |     1 |     6 |       |     6 |       |       ||    13
       Unarmed           |       |       |       |     1 |       |       ||     1
       Executioner's axe |       |       |       |       |       |   563 ||   563
       Trident           |       |       |       |       |       |    42 ||    42
Throw: Dart              |       |       |       |     1 |       |       ||     1
       Throwing net      |       |       |       |     1 |       |       ||     1
 Abil: Hop               |     1 |     1 |       |     7 |     5 |     8 ||    22
Evoke: Wand              |       |       |       |     6 |     3 |     7 ||    16
  Use: Scroll            |     1 |       |     5 |    16 |     8 |    11 ||    41
       Potion            |       |       |     1 |     7 |     3 |     9 ||    20
 Stab: Sleeping          |     3 |       |       |       |       |       ||     3
       Invisible         |       |       |       |     4 |       |       ||     4
       Held in net/web   |       |       |       |     1 |       |       ||     1
Armor: Leather armour    |    42 |       |       |       |       |       ||    42
       Ring mail         |       |    76 |    17 |       |       |       ||    93
       Plate armour      |       |       |    45 |   416 |     1 |       ||   462
       Skin              |       |       |       |     1 |       |       ||     1
       Storm dragon scal |       |       |       |       |   857 |   937 ||  1794
Dodge: Dodged            |    72 |   115 |    39 |   138 |   777 |   764 ||  1905
       Repelled          |       |       |       |     3 |       |       ||     3
Block: Buckler           |       |       |       |    52 |   477 |   181 ||   710
